 Dungeon Crawl Stone Soup version 0.14-a0-2474-g7d54a28 (webtiles) character file.

8022 MrRokkomies the Hoplite (level 11, -1/92 HPs)
             Began as a Djinni Skald on Feb 8, 2014.
             Was an Elder of Okawaru.
             Slain by an unseen horror (4 damage)
             ... on Level 11 of the Dungeon.
             The game lasted 00:46:54 (12570 turns).

MrRokkomies the Hoplite (Djinni Skald)             Turns: 12570, Time: 00:46:54

HP  -1/92        AC 14     Str 13      XL: 11   Next:  1%
MP   0/0         EV  5     Int 15      God: Okawaru [****..]
Gold 219         SH 32     Dex 13      Spells:  0 memorised, 14 levels left

rFire  + + +     SeeInvis .     v - +3,+2 elf dagger (venom)
rCold  x . .     Clarity  .     r - +2 orc scale mail
rNeg   + + +     Conserve .     m - +0 orc large shield
rPois  .         rCorr    .     (no helmet)
rElec  .         rRot     .     k - +0 elf cloak
SustAb . .       Spirit   .     A - +1 pair of orc gloves
rMut   .         Warding  .     (boots unavailable)
Saprov . . .     Stasis   .     G - amulet of faith
MR     +....                    (no ring)
                                g - ring of protection from magic

@: flying, very slightly contaminated, somewhat resistant to hostile
enchantments, extremely unstealthy
A: fire immunity, cold vulnerability, life protection 3
a: Heroism, Renounce Religion


You were on level 11 of the Dungeon.
You worshipped Okawaru.
Okawaru was greatly pleased with you.
You were not hungry.

You visited 3 branches of the dungeon, and saw 13 of its levels.

You collected 526 gold pieces.
You spent 307 gold pieces at shops.

Inventory:

Hand weapons
 q - a +0,+0 sling
 v - a +3,+2 elven dagger of venom (weapon)
 O - a +5,+3 long sword of holy wrath
 R - a +3,+1 scimitar of freezing
 T - a +0 blowgun
Missiles
 i - 50 poisoned needles
 n - 13 sling bullets
 M - 9 steel darts (quivered)
 N - 5 poisoned sling bullets
Armour
 k - a +0 elven cloak (worn)
 m - a +0 orcish large shield (worn)
 r - a +2 orcish scale mail (worn)
 A - a +1 pair of orcish gloves (worn)
 U - a +0 elven shield
Magical devices
 o - a wand of enslavement (9)
 J - a wand of frost (13)
 P - a wand of digging (10)
 S - a wand of random effects (17)
 W - a wand of flame (11)
Scrolls
 a - a scroll of amnesia
 d - 3 scrolls of recharging {unknown}
 h - 4 scrolls of enchant weapon II {unknown}
 j - 2 scrolls of enchant armour
 l - 2 scrolls of fog
 p - 2 scrolls of remove curse
 y - a scroll of curse jewellery {unknown}
 B - 3 scrolls of teleportation
 E - a scroll of fear
 L - a scroll of noise {unknown}
Jewellery
 g - a ring of protection from magic (left hand)
 s - an uncursed ring of fire
 u - an uncursed amulet of conservation
 w - an uncursed ring of invisibility
 z - an uncursed amulet of stasis {unknown}
 G - an amulet of faith (around neck)
 H - an uncursed ring of teleportation
 Q - an uncursed amulet of warding
Potions
 b - a potion of curing
 e - a potion of brilliance
 f - a potion of restore abilities
 x - a potion of flight {unknown}
 C - 3 potions of might
 I - a potion of lignification {unknown}
 K - 2 potions of agility {unknown}
 V - a potion of paralysis {unknown}
Books
 c - a book of Battle

   Spells                             Type                      Level
   Infusion                           Charms                       1
   Shroud of Golubria                 Charms/Translocation         2
   Song of Slaying                    Charms                       2
   Spectral Weapon                    Hexes/Charms                 3
   Regeneration                       Charms/Necromancy            3
 t - a book of Changes

   Spells                             Type                      Level
   Beastly Appendage                  Transmutation                1
   Sticks to Snakes                   Transmutation                2
   Spider Form                        Transmutation/Poison         3
   Ice Form                           Ice/Transmutation            4
   Blade Hands                        Transmutation                5
 Y - a book of Power

   Spells                             Type                      Level
   Iskenderun's Mystic Blast          Conjuration                  4
   Venom Bolt                         Conjuration/Poison           5
   Bolt of Magma                      Conjuration/Fire/Earth       5
   Fulminant Prism                    Conjuration/Hexes            5
   Iron Shot                          Conjuration/Earth            6
   Orb of Destruction                 Conjuration                  7
Miscellaneous
 F - a stone of tremors
 Z - a legendary deck of wonders
Rods
 D - a +6 rod of fiery destruction (5/14)
   (You found it on level 11 of the Dungeon)


   Skills:
 * Level 6.6 Fighting
 * Level 7.7 Long Blades
 - Level 10.0 Armour
 - Level 0.8 Dodging
 - Level 10.0 Shields
 - Level 2.4 Spellcasting
   Level 3.5 Charms


You had 14 spell levels left.
You didn't know any spells.

Dungeon Overview and Level Annotations

Branches:
Dungeon (11/16)            Temple (1/1) D:5            Lair (1/8) D:8
    Orc: D:9-12

Altars:
Cheibriados
Dithmengos
Elyvilon
Fedhas
Kikubaaqudgha
Makhleb
Nemelex Xobeh
Okawaru
Sif Muna
Vehumet
Xom
Yredelemnul
The Shining One

Shops:
D:5 !   D:7 !

Annotations:
D:9 exclusion: oklob sapling
D:11 exclusion: silver statue


Innate Abilities, Weirdness & Mutations

You are immune to all types of fire, even holy and hellish.
You are vulnerable to cold.
You need no food.
You have no legs.
You are immune to negative energy.


Message History

Something completely misses you. Something hits you.
* * * LOW HITPOINT WARNING * * *
Drink which item? (? for menu, Esc to quit)
You feel much better. Something hits you!
* * * LOW HITPOINT WARNING * * *
Something hits you but does no damage. Something hits you.
* * * LOW HITPOINT WARNING * * *
Drink which item? (? for menu, Esc to quit)
You feel better. You block its attack. Something hits you.
* * * LOW HITPOINT WARNING * * *
You closely miss something. Something hits you but does no damage.
You hit something. Something hits you but does no damage. Something hits you.
* * * LOW HITPOINT WARNING * * *
Something hits you but does no damage.
You hit something. Something hits you!
* * * LOW HITPOINT WARNING * * *
Something hits you.
You die...

##.# #....'...#
...# ........#...#
...# .......#...#
...###########...#
.......(.........#
.................#
.........#######.#
.........# #.#
########.# #@# #.#
#.# #.# #.# #.#
#.# #.# #.#
########.#######.#
.................#
##################


There were no monsters in sight!

Vanquished Creatures
  A hill giant (D:10)
  2 spiny frogs (Lair:1)
  A hellwing (D:11)
  2 trolls (D:10)
  A basilisk (Lair:1)
  A ynoxinul (D:11)
  2 hippogriffs
  5 yaks (D:9)
  2 vampire mosquitoes (D:11)
  An orc warrior (D:11)
  6 ogres
  2 phantoms (D:5)
  A black bear (D:11)
  2 sky beasts
  2 centaurs (D:11)
  A crocodile (D:11)
  Sigmund (D:3)
  A big kobold (D:9)
  5 ice beasts
  Duvessa (D:4)
  A rotting devil (D:11)
  8 giant frogs
  A gnoll sergeant (D:5)
  A wandering mushroom (D:9)
  4 killer bees (D:9)
  16 wights
  The ghost of MrRokkomies the Charmwright, a weakling DjSk (D:3)
  Dowan (D:4)
  5 crimson imps
  A goliath beetle (D:7)
  4 hounds
  A quasit (D:7)
  An orc priest (D:9)
  2 gnoll shamans
  2 iguanas
  5 orc wizards
  2 scorpions
  4 worker ants
  A sky beast zombie (D:10)
  A mottled dragon skeleton (D:10)
  A mummy (D:8)
  10 gnolls
  2 giant centipedes
  11 adders
  2 giant mites
  6 worms
  2 ufetubi (D:11)
  2 giant eyeballs
  An ooze (D:2)
  36 orcs
  4 giant cockroaches
  15 goblins
  19 hobgoblins
  11 jackals
  16 kobolds
  2 ball pythons (D:4)
  16 bats
  3 giant geckos
  A giant gecko zombie (D:6)
  3 giant newts
  A giant newt skeleton (D:4)
  A giant spore (D:6)
  4 quokkas
  14 rats
  A rat zombie (D:5)
  9 ballistomycetes
  2 butterflies (D:8)
297 creatures vanquished.

Vanquished Creatures (collateral kills)
  4 gnolls (D:5)
  A jackal (D:8)
5 creatures vanquished.

Vanquished Creatures (others)
  A giant spore (D:10)
  A wandering mushroom (D:9)
2 creatures vanquished.

Grand Total: 304 creatures vanquished

Notes
Turn   | Place    | Note
--------------------------------------------------------------
     0 | D:1      | MrRokkomies, the Djinni Skald, began the quest for the Orb.
     0 | D:1      | Reached XP level 1. HP: 17/17 MP: 0/0
   186 | D:1      | Reached XP level 2. EP: 14/24
  1052 | D:2      | Reached XP level 3. EP: 26/30
  1254 | D:2      | Reached skill level 1 in Shields
  1535 | D:3      | Noticed Sigmund
  1551 | D:3      | Killed Sigmund
  1551 | D:3      | Reached XP level 4. EP: 13/37
  1643 | D:3      | Noticed MrRokkomies' ghost (weakling DjSk)
  1668 | D:3      | Reached XP level 5. EP: 43/43
  1780 | D:3      | Found a deep blue altar of Sif Muna.
  1982 | D:3      | Killed MrRokkomies' ghost
  2301 | D:4      | Reached XP level 6. EP: 41/50
  2389 | D:4      | Noticed Duvessa
  2389 | D:4      | Noticed Dowan
  2414 | D:4      | Killed Duvessa
  2414 | D:4      | Reached skill level 4 in Armour
  2421 | D:4      | Noticed an ogre
  2632 | D:4      | Noticed an ogre
  2658 | D:4      | Killed an ogre
  2858 | D:4      | Killed an ogre
  2858 | D:4      | Reached skill level 5 in Shields
  2858 | D:4      | Reached XP level 7. EP: 38/56
  3167 | D:4      | Reached skill level 5 in Armour
  3527 | D:4      | Killed Dowan
  3610 | D:5      | Entered Level 5 of the Dungeon
  3799 | D:5      | Reached skill level 6 in Shields
  3943 | D:5      | Reached XP level 8. EP: 48/63
  4004 | D:5      | Found Oxzozij's Distillery.
  4014 | D:5      | Bought a potion of mutation for 45 gold pieces
  4014 | D:5      | Bought a potion of confusion for 15 gold pieces
  4352 | D:5      | Found a staircase to the Ecumenical Temple.
  4361 | Temple   | Entered the Ecumenical Temple
  4398 | Temple   | Became a worshipper of Warmaster Okawaru
  4844 | D:6      | Reached skill level 7 in Shields
  5452 | D:6      | Paralysed by a giant eyeball for 3 turns
  5557 | D:6      | Reached skill level 8 in Shields
  6080 | D:7      | Found a sparkling altar of Nemelex Xobeh.
  6234 | D:7      | Found a glowing golden altar of the Shining One.
  6299 | D:7      | Reached skill level 9 in Shields
  6299 | D:7      | Reached XP level 9. EP: 53/69
  6399 | D:7      | Found Annusapra's Distillery.
  6408 | D:7      | Bought a potion of degeneration for 30 gold pieces
  6408 | D:7      | Bought a potion of heal wounds for 45 gold pieces
  6408 | D:7      | Bought a potion of heal wounds for 45 gold pieces
  6408 | D:7      | Bought a potion of might for 37 gold pieces
  6408 | D:7      | Bought 2 potions of heal wounds for 90 gold pieces
  6804 | D:8      | Acquired Okawaru's first power
  6928 | D:8      | Found a staircase to the Lair.
  7013 | Lair:1   | Entered Level 1 of the Lair of Beasts
  7013 | Lair:1   | Noticed a spiny frog
  7013 | Lair:1   | Noticed a spiny frog
  7317 | D:8      | Found a shimmering altar of Xom.
  7371 | D:9      | Reached skill level 10 in Shields
  8202 | D:9      | Reached skill level 10 in Armour
  8502 | D:9      | Found a blossoming altar of Fedhas.
  8520 | D:9      | Reached XP level 10. EP: 46/80
  8879 | D:9      | Paralysed by a giant eyeball for 4 turns
  9108 | D:9      | Found a blossoming altar of Fedhas.
  9364 | Lair:1   | Killed a spiny frog
  9378 | Lair:1   | Killed a spiny frog
  9378 | Lair:1   | Reached skill level 5 in Fighting
  9753 | Lair:1   | Noticed a six-headed hydra
  9922 | D:10     | Entered Level 10 of the Dungeon
 10025 | D:10     | Reached skill level 5 in Long Blades
 11132 | D:10     | Noticed a hill giant
 11157 | D:10     | Killed a hill giant
 12328 | D:11     | Identified a +6 rod of fiery destruction (14/14) (You found it on level 11 of the Dungeon)
 12410 | D:11     | Reached XP level 11. EP: 73/92
 12437 | D:11     | Noticed a hill giant
 12563 | D:11     | HP: 4/92 [something (5)]
 12570 | D:11     | HP: 3/92 [something (9)]
 12570 | D:11     | Slain by an unseen horror

Action                   |  1- 3 |  4- 6 |  7- 9 | 10-12 || total
-------------------------+-------+-------+-------+-------++-------
Melee: Falchion          |   127 |    25 |       |       ||   152
       Dagger            |    25 |    35 |   143 |    26 ||   229
       Long sword        |       |    84 |   583 |       ||   667
       Scimitar          |       |       |    52 |   397 ||   449
       Rod               |       |       |       |     2 ||     2
 Fire: Blowgun           |       |       |    41 |     1 ||    42
Evoke: Wand              |       |       |    11 |     2 ||    13
       Rod               |       |       |       |     2 ||     2
  Use: Scroll            |     5 |    11 |    12 |     3 ||    31
       Potion            |       |       |     2 |     6 ||     8
